 Dungeon Crawl Stone Soup version 0.29.0-4-gdea44cf6ec (webtiles) character file.

Game seed: 12472858931060484797

49 qw the Chopper (level 3, -2/21 HPs)
             Began as a Tengu Warper on Aug 28, 2022.
             Slain by a gnoll
             ... wielding a +0 halberd
              (5 damage)
             ... on level 3 of the Dungeon.
             The game lasted 00:00:10 (1470 turns).

qw the Chopper (Tengu Warper)                       Turns: 1470, Time: 00:00:10

Health: -2/21      AC:  8    Str: 13    XL:     3   Next: 77%
Magic:  7/7        EV:  5    Int: 13    God:
Gold:   82         SH:  4    Dex: 13    Spells: 6/6 levels left

rFire   . . .      SeeInvis .   Y - +1 hand axe
rCold   . . .      Faith    .   g - +0 buckler
rNeg    . . .      Spirit   .   f - +0 chain mail
rPois   .          Reflect  .   (helmet restricted)
rElec   .          Harm     .   (no cloak)
rCorr   .          Rampage  .   (no gloves)
Will    .....                   (boots unavailable)
Stlth   ..........              (no amulet)
HPRegen 0.07/turn               (no ring)
MPRegen 0.10/turn               (no ring)

@: no status effects
A: beak, talons 3
a: no special abilities


You were on level 3 of the Dungeon.
You visited 1 branch of the dungeon, and saw 3 of its levels.

You collected 82 gold pieces.


Innate Abilities, Weirdness & Mutations

You have a beak for a mouth.
You have claws for feet.


   Skills:
 - Level 2.0 Fighting
 + Level 4.1 Axes
 - Level 1.0 Throwing
 - Level 1.1 Armour
 - Level 2.1 Dodging
 - Level 1.1 Shields
 - Level 2.0 Spellcasting
 - Level 2.4 Translocations


You had 6 spell levels left.
You didn't know any spells.
Your spell library contained the following spells:

 Spells                   Type           Power      Damage    Failure   Level
 Blink                    Tloc           14%        N/A       100%        2
 Gell's Gravitas          Tloc           7%         N/A       100%        3
 Lesser Beckoning         Tloc           7%         N/A       100%        3
 Teleport Other           Tloc           7%         N/A       100%        3
 Manifold Assault         Tloc           7%         N/A       100%        5

Inventory:

Hand Weapons
 i - a +0 mace
 Y - a +1 hand axe (weapon)
Armour
 f - a +0 chain mail (worn)
 g - a +0 buckler (worn)
Potions
 e - 2 potions of haste {unknown}
 j - a potion of flight {unknown}
 k - a potion of attraction {unknown}

Dungeon Overview and Level Annotations

Branches:
Dungeon (3/15)

Altars:


Message History

1428 ||| Stepping ~*~*~tactically~*~*~ (hiding).
Found a stone staircase leading up.
The gnoll hits you but does no damage.
You slash the gnoll! You claw the gnoll.
You kill the gnoll!
Your Shields skill increases to level 1!
You start waiting.
A goblin comes into view. It is wielding a +0 club.
The goblin shouts!
You hear an angry hiss.
A gnoll comes into view. It is wielding a +0 halberd.
The gnoll shouts!
A gnoll comes into view. It is wielding a +0 halberd.
An adder comes into view.
The goblin hits you with a +0 club.
You barely miss the goblin. Your kick misses the goblin. You peck the goblin.
The goblin is heavily wounded.
The goblin barely misses you.
You hit the goblin.
You kill the goblin!
The gnoll hits you but does no damage.
Found a stone staircase leading up.
The gnoll hits you but does no damage.
Things that are here:
a +0 club; 6 gold pieces
Enter note: You hit the gnoll but do no damage.
Your kick misses the gnoll. The gnoll completely misses you.
The gnoll hits you from afar with a +0 halberd.
The adder bites you but does no damage.
You closely miss the gnoll. You hit the adder.
The gnoll hits you but does no damage. x2
The adder bites you but does no damage. You block the gnoll's attack.
The gnoll hits you with a +0 halberd!
You barely miss the adder. You claw the adder.
The adder is heavily wounded.
You hit the gnoll but do no damage. The adder bites you but does no damage.
The gnoll hits you from afar with a +0 halberd.
The gnoll hits you with a +0 halberd.
You die...

..<..##......
#...........#
........#
...........
......... .........
........# #..#.<.
........# #..g.
........# #..S#
........# #.g@#
......... #...#
......... #####.).#
........# #.......#
#........ ..##..#.##
.#.......# #.##..##
......####
#..###..#####.###..#
#.............#
##.###
#...####.#####.#
#....


You could see 2 gnolls and an adder.

Vanquished Creatures
  A gnoll (D:3)
  A dart slug (D:2)
  2 endoplasms (D:1)
  A giant cockroach (D:1)
  3 hobgoblins
  3 jackals (D:1)
  3 kobolds
  5 quokkas
  4 ball pythons
  5 bats
  3 frilled lizards (D:1)
  3 goblins
  2 rats (D:1)
36 creatures vanquished.

Notes
Turn   | Place    | Note
-------+----------+-------------------------------------------
     0 | D:1      | qw the Tengu Warper began the quest for the Orb.
     0 | D:1      | Reached XP level 1. HP: 12/12 MP: 4/4
     0 | D:1      | 0 ||| qw: Version: 0.1-a-89-g26bdef1
     0 | D:1      | 0 ||| qw: Game counter: 2983
     0 | D:1      | 0 ||| qw: Always use a shield: true
     0 | D:1      | 0 ||| qw: God list: Okawaru
     0 | D:1      | 0 ||| qw: Allow faded altars: false
     0 | D:1      | 0 ||| qw: Do Orc after D:15 true
     0 | D:1      | 0 ||| qw: Do second Lair branch before Depths: true
     0 | D:1      | 0 ||| qw: Lair rune preference: random
     0 | D:1      | 0 ||| qw: Plans: Normal
     0 | D:1      | 0 ||| PLANNING D:1-11
    28 | D:1      | 28 ||| Stepping ~*~*~tactically~*~*~ (stealth).
    36 | D:1      | 36 ||| Stepping ~*~*~tactically~*~*~ (stealth).
    37 | D:1      | 37 ||| Stepping ~*~*~tactically~*~*~ (stealth).
    45 | D:1      | Reached XP level 2. HP: 14/17 MP: 6/6
    46 | D:1      | Reached skill level 3 in Axes
   119 | D:1      | 119 ||| Stepping ~*~*~tactically~*~*~ (stealth).
   120 | D:1      | 120 ||| Stepping ~*~*~tactically~*~*~ (stealth).
   353 | D:1      | 353 ||| DROPPING +0 club.
   429 | D:1      | Reached XP level 3. HP: 21/21 MP: 7/7
   674 | D:1      | 674 ||| UPGRADING to +0 ring mail.
   684 | D:1      | 684 ||| DROPPING +0 leather armour.
   685 | D:1      | 685 ||| READING 2 scrolls labelled FOFAUSK HITABE.
   686 | D:1      | 686 ||| READING scroll labelled WEUCZO LOLOMU.
   687 | D:1      | 687 ||| READING scroll labelled ICRODE BOVARPH.
   688 | D:1      | 688 ||| DROPPING scroll of butterflies.
   689 | D:1      | 689 ||| DROPPING scroll of blinking.
   735 | D:2      | 735 ||| Stepping ~*~*~tactically~*~*~ (stealth).
   761 | D:2      | Found a faded altar of an unknown god.
   834 | D:2      | 834 ||| Stepping ~*~*~tactically~*~*~ (hiding).
   842 | D:2      | Reached skill level 4 in Axes
  1322 | D:2      | 1322 ||| UPGRADING to +0 chain mail.
  1332 | D:2      | 1332 ||| UPGRADING to +0 buckler.
  1337 | D:2      | 1337 ||| DROPPING +0 ring mail.
  1338 | D:2      | 1338 ||| READING scroll labelled UVEMAL ROMIVI.
  1339 | D:2      | 1339 ||| READING scroll labelled XYLUTR WEDECEKLOT.
  1340 | D:2      | 1340 ||| READING scroll labelled POEHANO SEIWK.
  1341 | D:2      | 1341 ||| READING scroll labelled PIACUDUIGHEOF.
  1342 | D:2      | 1342 ||| READING scroll labelled VAITICAYH.
  1428 | D:3      | 1428 ||| Stepping ~*~*~tactically~*~*~ (hiding).
  1433 | D:3      | Reached skill level 1 in Shields
  1470 | D:3      | HP: 3/21 [gnoll/+0 halberd (6)]
  1470 | D:3      | Slain by a gnoll

Levels and vault maps discovered:
D:1:      dpeg_arrival_line_fractal, layout_rooms
D:2:      layout_rooms, basic_ecumenical_altar
D:3:      layout_rooms, uniq_natasha

Skill      XL: |  1  2  3 |
---------------+----------+-----
Axes           | 3 4 |  4.1
Shields        | 1 |  1.1
Fighting       | |  2.0
Throwing       | |  1.0
Armour         | |  1.1
Dodging        | |  2.1
Spellcasting   | |  2.0
Translocations | |  2.4

Action                   || total
-------------------------++-------
Melee: Hand axe          ||    64
       Kick              ||    15
       Peck              ||    13
Throw: Boomerang         ||     7
  Use: Scroll            ||     8
Armor: Leather armour    ||    16
       Chain mail        ||    10
       Ring mail         ||     4
Dodge: Dodged            ||    26
Block: Buckler           ||     1

Table legend:
 A = Non-vault XP
 B = Vault XP
 C = Vault XP percentage of total XP
 D = Non-vault monster count
 E = Vault monster count
 F = Vault count percentage of total count
                 A         B        C        D         E       F
            +---------+---------+-------+---------+---------+-------
      Total |      71 |       0 |   0.0 |      36 |       0 |   0.0
            +---------+---------+-------+---------+---------+-------
        D:1 |      40 |       0 |   0.0 |      26 |       0 |   0.0
        D:2 |      11 |       0 |   0.0 |       6 |       0 |   0.0
        D:3 |      20 |       0 |   0.0 |       4 |       0 |   0.0
            +---------+---------+-------+---------+---------+-------
